 Dungeon Crawl Stone Soup version 0.19.0-2-gae57169 (webtiles) character file.

77 HungrySpirit the Skirmisher (level 4, -8/37 HPs)
             Began as a Formicid Fighter on Nov 6, 2016.
             Was an Initiate of Uskayaw.
             Mangled by Crazy Yiuf
             ... wielding a +3 quarterstaff of chaos
              (12 damage)
             ... on level 2 of the Dungeon.
             The game lasted 00:02:55 (1925 turns).

HungrySpirit the Skirmisher (Formicid Fighter)      Turns: 1925, Time: 00:02:55

Health: -8/37      AC:  6    Str: 21    XL:     4   Next: 58%
Magic:  1/4        EV:  9    Int:  8    God:    Uskayaw [......]
Gold:   75         SH:  0    Dex: 10    Spells: 0 memorised, 3 levels left

rFire  . . .     SeeInvis +     a - +0 war axe
rCold  + . .     Gourm    .     b - +0 scale mail
rNeg   . . .     Faith    .     (no shield)
rPois  .         Spirit   .     (helmet unavailable)
rElec  .         Reflect  .     (no cloak)
rCorr  .         Harm     .     (no gloves)
MR     .....                    (no boots)
Stlth  ..........               (no amulet)
                                (no ring)
                                n - ring of protection from cold

@: no status effects
A: permanent stasis, dig shafts and tunnels, four strong arms, antennae 3
a: Dig, Shaft Self, Renounce Religion


You were on level 2 of the Dungeon.
You worshipped Uskayaw.
Uskayaw was noncommittal.
You were hungry.

You visited 1 branch of the dungeon, and saw 2 of its levels.

You collected 75 gold pieces.

Inventory:

Hand Weapons
 a - a +0 war axe (weapon)
Armour
 b - a +0 scale mail (worn)
 c - a +0 shield
Jewellery
 n - a ring of protection from cold (left hand)
Scrolls
 g - a scroll of enchant armour {unknown}
 i - 3 scrolls of remove curse {unknown}
 j - 2 scrolls of identify {unknown}
 m - a scroll of enchant weapon {unknown}
 p - a scroll of fog {unknown}
 q - a scroll of amnesia {unknown}
 s - a scroll of fear {unknown}
Potions
 d - a potion of might
 e - 2 potions of heal wounds {unknown}
 l - a potion of cure mutation {unknown}
 o - 2 potions of invisibility {unknown}
 r - a potion of mutation {unknown}
 t - a potion of agility {unknown}
Comestibles
 f - a bread ration
 h - 2 fruits
 k - a royal jelly


   Skills:
 - Level 4.1 Fighting
 + Level 3.6 Axes
 - Level 3.2 Armour
 - Level 0.3 Dodging
 - Level 3.6 Shields


You had 3 spell levels left.
You didn't know any spells.

Dungeon Overview and Level Annotations

Branches:
Dungeon (2/15)

Altars:
Uskayaw

Annotations:
D:2 Crazy Yiuf


Innate Abilities, Weirdness & Mutations

You are under a permanent stasis effect.
You can dig through walls and to a lower floor.
Your four strong arms can wield two-handed weapons with a shield.
You have a pair of large antennae on your head. (SInv)


Message History

Crazy Yiuf is lightly wounded.
Crazy Yiuf hits you but does no damage.
Crazy Yiuf cries, "Tonal hand sing-song!"
Crazy Yiuf hits you with a quarterstaff of chaos.
Space bends around you.
You closely miss Crazy Yiuf.
Crazy Yiuf is lightly wounded.
Crazy Yiuf hits you with a quarterstaff of chaos.
You are electrocuted!
You closely miss Crazy Yiuf.
Crazy Yiuf is lightly wounded.
Crazy Yiuf hits you with a quarterstaff of chaos!
* * * LOW HITPOINT WARNING * * *
You are too injured to fight recklessly!
You stomp with the beat, sending a shockwave through the revelers around you!
Crazy Yiuf is heavily wounded.
You are feeling hungry.
You can no longer stomp with the beat.
Crazy Yiuf hits you with a quarterstaff of chaos!
You die...

....).......###########.##.......
.##.####.#..............##.......
.##.# #.#################..#####
.##.# #...# ######..# .##.# #.###
##### #..# #..# .##.# #.# #)..#
##.###..# .##.# #.### #...#
#..##..## ###.# #.#.# #.g.#
##.##..[## #.####...# #@#
###.##.#..# #.##....## ♣.♣♣
#.#.##.##.# ###.##.#.## ♣♣.♣
#......##.# .##.##.#.## ♣.♣♣
##.....##.# .##.##....## ♣♣.♣
##....##.# .##..###.(.# ♣♣.♣♣
##......# .###.###.### ♣♣...♣
########### .# #..##.# ♣...♣♣ #.#
.# ##.##.# ##..## #.## ####


You could see Crazy Yiuf.

Vanquished Creatures
  Terence (D:2)
  An adder (D:2)
  An ooze (D:1)
  4 leopard geckos
  A bat (D:2)
  3 giant cockroaches
  6 goblins (D:1)
  4 hobgoblins
  5 kobolds
  A quokka (D:2)
  5 frilled lizards
  4 rats
36 creatures vanquished.

Notes
Turn   | Place    | Note
-------+----------+-------------------------------------------
     0 | D:1      | HungrySpirit the Formicid Fighter began the quest for the Orb.
     0 | D:1      | Reached XP level 1. HP: 18/18 MP: 1/1
    74 | D:1      | Reached XP level 2. HP: 13/25 MP: 2/2
   668 | D:1      | Reached XP level 3. HP: 30/30 MP: 3/3
   834 | D:1      | Reached skill level 4 in Fighting
  1347 | D:2      | Noticed Terence
  1364 | D:2      | Killed Terence
  1364 | D:2      | Reached XP level 4. HP: 26/37 MP: 4/4
  1510 | D:2      | Found a hide-covered altar of Uskayaw.
  1521 | D:2      | Became a worshipper of Uskayaw the Reveler
  1682 | D:2      | Reached * piety under Uskayaw
  1856 | D:2      | Found a runed door.
  1920 | D:2      | Noticed Crazy Yiuf
  1925 | D:2      | Mangled by Crazy Yiuf

Skill      XL: |  1  2  3 |
---------------+----------+-----
Fighting       | 4 |  4.1
Axes           | 3 |  3.6
Armour         | |  3.2
Dodging        | |  0.3
Shields        | |  3.6

Action                   |  1- 3 |  4- 6 || total
-------------------------+-------+-------++-------
Melee: War axe           |   105 |    31 ||   136
Invok: Stomp             |       |     1 ||     1
  Eat: Chunk             |     1 |     2 ||     3
Armor: Scale mail        |    46 |    20 ||    66
Dodge: Dodged            |    56 |    16 ||    72
